[Event "Team 45 45 League T92"]
[Site "Internet Chess Club"]
[Date "2022.05.02"]
[Round "3"]
[White "DaveTheRook"]
[Black "RD1974"]
[Result "0-1"]
[WhiteElo "1379"]
[BlackElo "1573"]
[Opening "Réti opening"]
[ECO "A04"]
[Time "18:30:32"]
[PlyCount "154"]
[TimeControl "2700+45"]

1. Nf3 c5 2. g3 Nc6 3. Bg2 g6 4. c3 Bg7 5. O-O d5 6. d3 Nf6 7. Nbd2 O-O 8. Re1
e5 9. e4 d4 10. c4 Bg4 11. a3 Nd7 12. h3 Be6 13. Nf1 f5 14. Ng5 Qf6 15. Nxe6
Qxe6 16. Qe2 Kh8 17. Nh2 f4 18. Qg4 Qf7 19. Rf1 Nf6 20. Qd1 g5 21. Bf3 h5 22. g4
h4 23. Bd2 a6 24. Rb1 b5 25. b3 bxc4 26. bxc4 Rfb8 27. Qa4 Qc7 28. Rfc1 Nd7 29.
Bd1 Nb6 30. Qc2 Rb7 31. Nf3 Bf6 32. Be1 Rab8 33. Qa2 Kg7 34. Nd2 a5 35. f3 Ra8
36. Kf2 Be7 37. Kf1 Kf6 38. Kg1 Nb4 39. axb4 cxb4 40. Ba4 Nd7 41. Nb3 Nc5 42.
Nxc5 Qxc5 43. Qb3 Rab8 44. Ra1 Bd8 45. Rcb1 Ra7 46. Bb5 Bc7 47. Bxb4 Qb6 48. Bd2
Rbb7 49. c5 Qxc5 50. Qc4 Qd6 51. Be8 Rxb1+ 52. Rxb1 Qe7 53. Qc6+ Kg7 54. Qd7 Bd6
55. Qxe7+ Bxe7 56. Ba4 Bd8 57. Kf2 Kf6 58. Ke2 Ke6 59. Rb5 Bc7 60. Rd5 Bb6 61.
Rd6+ Kxd6 62. Kd1 Kc5 63. Kc2 Bc7 64. Kb3 Rb7+ 65. Kc2 Kb6 66. Bc1 Bd6 67. Bd2
Rc7+ 68. Kb2 Bb4 69. Bc1 Rc3 70. Bc2 Ba3+ 71. Kb1 Bxc1 72. Kxc1 Kb5 73. Kb2 Kb4
74. Kb1 Ka3 75. Kc1 a4 76. Kb1 Kb4 77. Kc1 a3 {White resigns} 0-1

[Event "Team 45 45 League T92"]
[Site "Internet Chess Club"]
[Date "2022.04.27"]
[Round "3"]
[White "cobrabrava"]
[Black "grekor"]
[Result "1-0"]
[WhiteElo "1366"]
[BlackElo "1157"]
[Opening "Owen defense"]
[ECO "B00"]
[Time "18:00:17"]
[PlyCount "90"]
[TimeControl "2700+45"]

1. e4 b6 2. d4 Bb7 3. Bd3 e6 4. Nf3 Nf6 5. Qe2 c5 6. c3 Be7 7. O-O Nc6 8. a3 Rc8
9. e5 Nd5 10. c4 Nc7 11. dxc5 bxc5 12. Nc3 d5 13. exd6 Bxd6 14. Be3 Nd4 15. Nxd4
cxd4 16. Bxd4 Bxh2+ 17. Kxh2 Qxd4 18. Be4 Bxe4 19. Nxe4 O-O 20. Rad1 Qe5+ 21.
Ng3 Qxe2 22. Nxe2 Rb8 23. b4 Rfd8 24. Nd4 Rd6 25. c5 Ra6 26. Rd3 Rd8 27. Rfd1 g6
28. Nc2 Rxd3 29. Rxd3 Nd5 30. Ne3 Kg7 31. Nxd5 exd5 32. b5 Ra5 33. Rb3 d4 34. b6
d3 35. b7 d2 36. Rd3 Rxa3 37. Rxd2 Rb3 38. c6 a5 39. c7 Rxb7 40. c8=Q Rb4 41.
Qc3+ f6 42. Rd7+ Kh6 43. Qh3+ Kg5 44. Rd5+ f5 45. Qe3+ Rf4 {Black resigns} 1-0

[Event "Team 45 45 League T92"]
[Site "Internet Chess Club"]
[Date "2022.04.27"]
[Round "3"]
[White "fhunfi"]
[Black "Rookmaster"]
[Result "1/2-1/2"]
[WhiteElo "1741"]
[BlackElo "1499"]
[Opening "Vienna gambit: Bardeleben variation"]
[ECO "C29"]
[Time "20:00:33"]
[PlyCount "74"]
[TimeControl "2700+45"]

1. e4 e5 2. Nc3 Nf6 3. f4 d5 4. fxe5 Nxe4 5. Qf3 f5 6. d3 Nxc3 7. bxc3 d4 8. Ne2
dxc3 9. d4 Bb4 10. d5 O-O 11. Nf4 Qe7 12. Nd3 Nd7 13. Bf4 g5 14. Nxb4 gxf4 15.
Nd3 Nxe5 16. Nxe5 Qxe5+ 17. Be2 Re8 18. Rd1 Bd7 19. Kf2 Qe3+ 20. Qxe3 Rxe3 21.
Rhe1 Rae8 22. Bc4 Kf8 23. Rxe3 fxe3+ 24. Kf3 f4 25. Rd4 Bg4+ 26. Kxg4 e2 27.
Rxf4+ Kg7 28. Bxe2 Rxe2 29. Rc4 Rxg2+ 30. Kf5 Rxh2 31. Rxc7+ Kf8 32. Rxc3 Ke7
33. Rc7+ Kd6 34. Rxb7 Kxd5 35. Rxa7 Rf2+ 36. Kg5 Rxc2 37. Rxh7 Rxa2 {Game drawn
by mutual agreement} 1/2-1/2

[Event "Team 45 45 League T92"]
[Site "Internet Chess Club"]
[Date "2022.04.29"]
[Round "3"]
[White "Gojira"]
[Black "fireball"]
[Result "1/2-1/2"]
[WhiteElo "1544"]
[BlackElo "1596"]
[Opening "Queen's pawn game"]
[ECO "D00"]
[Time "19:03:40"]
[PlyCount "110"]
[TimeControl "2700+45"]

1. d4 Nf6 2. Nc3 d5 3. Bf4 e6 4. e3 Bd6 5. Bg3 a6 6. Nf3 O-O 7. Bd3 c5 8. dxc5
Bxc5 9. Ne5 b5 10. a3 Bb7 11. Be2 Nc6 12. Bf3 Bd6 13. Nxc6 Bxc6 14. e4 Bxg3 15.
hxg3 dxe4 16. Be2 Qxd1+ 17. Rxd1 Rfd8 18. O-O Kf8 19. f3 exf3 20. gxf3 Rxd1 21.
Rxd1 Ke7 22. Kf2 Rd8 23. Bd3 h6 24. Re1 Nd5 25. Ne4 Nf6 26. Nc5 Ra8 27. Rd1 Nd7
28. Nb3 Bd5 29. Nd2 Nc5 30. Ne4 Nxe4+ 31. fxe4 Bb7 32. Ke3 e5 33. c4 bxc4 34.
Bxc4 f6 35. Rd3 Rd8 36. Rxd8 Kxd8 37. Bf7 Ke7 38. Bg6 Bc6 39. b4 Be8 40. Bxe8
Kxe8 41. a4 Kd7 42. g4 g6 43. Kf3 h5 44. Kg3 hxg4 45. Kxg4 Ke6 46. Kf3 f5 47.
Ke3 f4+ 48. Kf3 Kd6 49. Kg4 Kc6 50. Kf3 g5 51. Kg4 Kb6 52. Kf3 a5 53. b5 Kc5 54.
Kg4 Kb6 55. Kf3 Kc5 {Game drawn by mutual agreement} 1/2-1/2

[Event "Team 45 45 League T92"]
[Site "Internet Chess Club"]
[Date "2022.05.04"]
[Round "3"]
[White "ChessG2011"]
[Black "trogers41"]
[Result "1-0"]
[WhiteElo "1473"]
[BlackElo "1334"]
[Opening "Giuoco Piano: four knights variation"]
[ECO "C50"]
[Time "18:00:06"]
[PlyCount "81"]
[TimeControl "2700+45"]

1. e4 e5 2. Nf3 Nc6 3. Bc4 Bc5 4. Nc3 Nf6 5. O-O d6 6. h3 O-O 7. d3 h6 8. Na4
Bb6 9. Nxb6 axb6 10. a3 Qe7 11. Be3 Be6 12. Bxe6 Qxe6 13. Qc1 Nh5 14. Nh4 Nd4
15. Re1 g5 16. Bxd4 gxh4 17. Be3 Kh7 18. Qd1 Qg6 19. Qf3 f5 20. exf5 Rxf5 21.
Qxb7 Rg8 22. Qxc7+ Rg7 23. Qc6 Nf4 24. Bxf4 exf4 25. Kh2 f3 26. Rg1 Qf6 27. gxf3
Qe5+ 28. Kh1 Rfg5 29. Qe4+ R7g6 30. Qxe5 Rxe5 31. Rxg6 Kxg6 32. Rc1 Re2 33. Kg2
Kf5 34. Kf1 Re7 35. Re1 Rc7 36. Re2 d5 37. c3 Kf4 38. Re3 b5 39. d4 h5 40. Re5
Kxf3 41. Rxh5 {Black resigns} 1-0

[Event "Team 45 45 League T92"]
[Site "Internet Chess Club"]
[Date "2022.04.30"]
[Round "3"]
[White "CMAlge"]
[Black "smsxman"]
[Result "0-1"]
[WhiteElo "1223"]
[BlackElo "1354"]
[Opening "Queen's pawn: Chigorin variation"]
[ECO "D00"]
[Time "10:00:35"]
[PlyCount "80"]
[TimeControl "2700+45"]

1. d4 d5 2. Nc3 e6 3. Bf4 Bd6 4. e3 Bxf4 5. exf4 Nf6 6. Nf3 c6 7. Ne5 Nbd7 8.
Bd3 c5 9. dxc5 Nxc5 10. Bb5+ Bd7 11. Qe2 a6 12. Bxd7+ Ncxd7 13. O-O-O O-O 14. g4
Nxe5 15. fxe5 Nd7 16. f4 f6 17. Rhe1 fxe5 18. fxe5 Qg5+ 19. Kb1 b5 20. Nxd5 exd5
21. e6 Nf6 22. e7 Rf7 23. Qe6 Re8 24. Qxa6 Ne4 25. Qxb5 Rfxe7 26. Qxd5+ Qxd5 27.
Rxd5 Nd2+ 28. Kc1 Rxe1+ 29. Kxd2 R1e2+ 30. Kc3 Rxh2 31. b4 h6 32. b5 Rc8+ 33.
Kb4 Rhxc2 34. a4 R2c4+ 35. Ka5 Ra8+ 36. Kb6 Rxg4 37. a5 Rg6+ 38. Kb7 Rxa5 39.
Rd8+ Kh7 40. b6 Rb5 {White resigns} 0-1

[Event "Team 45 45 League T92"]
[Site "Internet Chess Club"]
[Date "2022.04.29"]
[Round "3"]
[White "elmaestro"]
[Black "scostanzo212"]
[Result "1/2-1/2"]
[WhiteElo "1669"]
[BlackElo "1589"]
[Opening "Sicilian: Scheveningen, classical"]
[ECO "B84"]
[Time "20:01:56"]
[PlyCount "72"]
[TimeControl "2700+45"]

1. e4 c5 2. Nf3 d6 3. d4 cxd4 4. Nxd4 Nf6 5. Nc3 e6 6. Be2 a6 7. f4 Qc7 8. Be3
Nc6 9. O-O b5 10. a3 Bb7 11. g4 Nxd4 12. Qxd4 e5 13. Qd3 Nd7 14. Nd5 Bxd5 15.
Qxd5 Rc8 16. Rad1 Nb6 17. Qd2 Nc4 18. Bxc4 Qxc4 19. fxe5 Qxe4 20. Rf4 Qxc2 21.
Qxc2 Rxc2 22. exd6 Kd7 23. Rxf7+ Ke6 24. d7 Bxa3 25. bxa3 Kxf7 26. d8=Q Rxd8 27.
Rxd8 Rc3 28. Bd2 Rxa3 29. Rd5 Ke6 30. Rc5 Rd3 31. Ba5 Rd5 32. Rc7 Rd7 33. Rc6+
Rd6 34. Rc7 Rd7 35. Rc6+ Rd6 36. Rc7 Rd7 {Game drawn by repetition} 1/2-1/2

[Event "Team 45 45 League T92"]
[Site "Internet Chess Club"]
[Date "2022.04.29"]
[Round "3"]
[White "Kingofknights"]
[Black "burlap"]
[Result "1/2-1/2"]
[WhiteElo "1470"]
[BlackElo "1373"]
[Opening "QGD semi-Slav"]
[ECO "D43"]
[Time "15:30:25"]
[PlyCount "138"]
[TimeControl "2700+45"]

1. d4 d5 2. c4 c6 3. Nf3 Nf6 4. Nc3 e6 5. Bg5 h6 6. Bh4 dxc4 7. e4 g5 8. Bg3 b5
9. Be2 Bb7 10. e5 Nd5 11. Ne4 Bb4+ 12. Kf1 Nd7 13. a3 Be7 14. Nd6+ Bxd6 15. exd6
h5 16. h4 g4 17. Ne5 Nxe5 18. dxe5 a6 19. Qd4 Qb6 20. Rd1 Qxd4 21. Rxd4 c5 22.
Rd2 Rf8 23. f3 O-O-O 24. fxg4 hxg4 25. Bxg4 Ne3+ 26. Ke2 Nxg4 27. Bf4 Bxg2 28.
Rg1 Bh3 29. Rg3 Nxe5 30. Rxh3 f6 31. h5 Nd3 32. Be3 Rxd6 33. b3 Nc1+ 34. Kd1
Rxd2+ 35. Bxd2 Nxb3 36. Bc3 Nd4 37. h6 Rh8 38. Kd2 f5 39. h7 Kd8 40. Ba5+ Ke8
41. Bc7 Nc6 42. Bd6 Kf7 43. Rh6 Kg7 44. Rxe6 Rxh7 45. Bxc5 Rh2+ 46. Kc3 Rh3+ 47.
Kc2 Na5 48. Rxa6 Nb3 49. Ba7 f4 50. Bb8 f3 51. Be5+ Kf7 52. Rf6+ Ke7 53. Rf4 Ke6
54. Bb8 Rh2+ 55. Kc3 f2 56. Rf8 Rh3+ 57. Kb4 Nd4 58. Rxf2 Rf3 59. Rxf3 Nxf3 60.
Kxb5 Kd5 61. Bf4 Nd4+ 62. Kb6 Nc2 63. a4 c3 64. a5 Nb4 65. Kb5 Nc6 66. a6 c2 67.
Kb6 Ne7 68. Kb7 Nc6 69. Kb6 Ne7 {Game drawn by mutual agreement} 1/2-1/2

[Event "Team 45 45 League T92"]
[Site "Internet Chess Club"]
[Date "2022.05.01"]
[Round "3"]
[White "AlWynJones"]
[Black "Signofthetimes"]
[Result "1-0"]
[WhiteElo "1388"]
[BlackElo "1483"]
[Opening "English: Caro-Kann defensive system"]
[ECO "A11"]
[Time "11:00:21"]
[PlyCount "51"]
[TimeControl "2700+45"]

1. c4 c6 2. Nc3 d5 3. e3 Nf6 4. d4 Bf5 5. Nf3 e6 6. Ne5 Nbd7 7. g4 Bg6 8. h4 h5
9. Nxg6 fxg6 10. g5 Ng8 11. Bd3 Ne7 12. Qc2 Nf5 13. cxd5 cxd5 14. e4 Nxd4 15.
Qa4 Nf3+ 16. Ke2 d4 17. Kxf3 dxc3 18. Rd1 a6 19. e5 Bc5 20. Bxg6+ Ke7 21. Qe4
Rf8+ 22. Bf4 cxb2 23. Rab1 Qc7 24. Rxb2 Nxe5+ 25. Kg2 Nxg6 26. Bxc7 {Black
resigns} 1-0

[Event "Team 45 45 League T92"]
[Site "Internet Chess Club"]
[Date "2022.04.27"]
[Round "3"]
[White "tightfist"]
[Black "jcule"]
[Result "0-1"]
[WhiteElo "1474"]
[BlackElo "1383"]
[Opening "Réti opening"]
[ECO "A04"]
[Time "16:00:54"]
[PlyCount "126"]
[TimeControl "2700+45"]

1. Nf3 g6 2. d4 d5 3. Bf4 Nf6 4. Qc1 Bg7 5. Bh6 O-O 6. Bxg7 Kxg7 7. c4 e6 8. e3
b6 9. Be2 Bb7 10. O-O Nbd7 11. Nc3 c5 12. b3 a6 13. Qb2 Kg8 14. Rfd1 Qe7 15.
Rab1 Rfd8 16. Qa3 Re8 17. b4 cxb4 18. Qxb4 Qxb4 19. Rxb4 a5 20. Ra4 Rec8 21. Nb1
Bc6 22. Ra3 dxc4 23. Nc3 b5 24. Nxb5 Bxb5 25. Rb1 Bc6 26. Nd2 c3 27. Rxc3 Be4
28. Rbc1 Rxc3 29. Rxc3 Bd5 30. a3 Ne4 31. Nxe4 Bxe4 32. f3 Bd5 33. Rc7 Nb6 34.
e4 Ba2 35. Rc2 Bb3 36. Rc6 Rb8 37. Kf2 a4 38. Ke3 Nd7 39. Rd6 Nf6 40. Rc6 Kg7
41. g3 Ne8 42. h3 Rb7 43. Rc8 Nc7 44. h4 Nb5 45. Rc5 Nxa3 46. Ba6 Rd7 47. Bc8
Nc2+ 48. Kd3 Rd8 49. Ba6 Nxd4 50. Ke3 Nc2+ 51. Ke2 a3 52. Bd3 a2 53. Ra5 a1=Q
54. Rxa1 Nxa1 55. Bb5 Bd1+ 56. Ke3 Nc2+ 57. Kf4 Bxf3 58. Ba4 Bd1 59. Ke5 Ne1 60.
Bb5 Nd3+ 61. Bxd3 Rxd3 62. Kf4 e5+ 63. Kxe5 Rxg3 {White resigns} 0-1

[Event "Team 45 45 League T92"]
[Site "Internet Chess Club"]
[Date "2022.05.02"]
[Round "3"]
[White "primerpaso"]
[Black "fileman"]
[Result "1-0"]
[WhiteElo "1887"]
[BlackElo "1829"]
[Opening "English opening"]
[ECO "A10"]
[Time "14:11:37"]
[PlyCount "51"]
[TimeControl "2700+45"]

1. c4 a6 2. Nc3 g6 3. g3 Bg7 4. Bg2 Nf6 5. e4 d6 6. Nge2 O-O 7. O-O c6 8. d4 e5
9. b3 Be6 10. Ba3 Re8 11. h3 Qc7 12. Qd2 Bc8 13. Rfd1 a5 14. Rac1 Na6 15. dxe5
dxe5 16. Bd6 Qd8 17. Qe3 Bd7 18. Na4 c5 19. Nxc5 Nxc5 20. Bxc5 Qc8 21. Kh2 Qc6
22. Nc3 Rac8 23. Bb6 Ra8 24. Nd5 Ra6 25. c5 Be6 26. Nc7 {Black resigns} 1-0

[Event "Team 45 45 League T92"]
[Site "Internet Chess Club"]
[Date "2022.05.03"]
[Round "3"]
[White "MrAbendroth"]
[Black "Portola"]
[Result "0-1"]
[WhiteElo "1601"]
[BlackElo "1687"]
[Opening "French: Rubinstein variation"]
[ECO "C10"]
[Time "09:01:52"]
[PlyCount "108"]
[TimeControl "2700+45"]

1. e4 e6 2. d4 d5 3. Nc3 dxe4 4. Nxe4 Be7 5. Nf3 Nd7 6. Bd3 Ngf6 7. Qe2 O-O 8.
Bf4 Nxe4 9. Bxe4 c5 10. O-O-O cxd4 11. Rxd4 Qa5 12. Kb1 Bf6 13. Bd2 Qh5 14. g4
Qc5 15. Rc4 Qb5 16. b4 Nb6 17. Bd3 Nxc4 18. Bxc4 Qb6 19. g5 Be7 20. a3 Bd7 21.
Ne5 Rad8 22. Bb3 Bc8 23. Be3 Qd6 24. Bc5 Qc7 25. Bxe7 Qxe7 26. h4 Qc7 27. h5 g6
28. hxg6 fxg6 29. Ng4 Qf4 30. Nf6+ Rxf6 31. gxf6 Qxf6 32. Re1 Kg7 33. Qe3 b6 34.
Qg3 e5 35. Qc3 Bf5 36. Qxe5 Qxe5 37. Rxe5 Kf6 38. Re2 h5 39. Kc1 h4 40. f4 Rd4
41. Rf2 Bg4 42. c4 Rd3 43. Kc2 Rg3 44. c5 h3 45. Bd5 Rxa3 46. c6 Ke7 47. Bb3 b5
48. Rd2 Ra6 49. Bd5 Bf5+ 50. Kb3 Ra1 51. Bf3 Rf1 52. Be2 h2 53. Bxb5 h1=Q 54.
Bxf1 Qxf1 {White resigns} 0-1

[Event "Team 45 45 League T92"]
[Site "Internet Chess Club"]
[Date "2022.05.01"]
[Round "3"]
[White "mongmong"]
[Black "Redman1"]
[Result "0-1"]
[WhiteElo "1542"]
[BlackElo "1625"]
[Opening "Queen's pawn: Yusupov-Rubinstein system"]
[ECO "A46"]
[Time "10:04:38"]
[PlyCount "52"]
[TimeControl "2700+45"]

1. d4 Nf6 2. Nf3 e6 3. e3 b6 4. Bd3 Bb7 5. Nbd2 Be7 6. O-O O-O 7. b3 d6 8. Bb2
Nbd7 9. c4 c5 10. Rc1 Rc8 11. Qe2 Qc7 12. e4 e5 13. dxe5 dxe5 14. Rfd1 Rfe8 15.
Bb1 Bf8 16. Ne1 g6 17. f3 Bg7 18. Nf1 Rcd8 19. Rd3 Nh5 20. g3 Nf8 21. Rcd1 Ne6
22. Rxd8 Rxd8 23. Rxd8+ Qxd8 24. Qd3 Nd4 25. Ne3 Qg5 26. Kg2 Nf4+ {White
resigns} 0-1

[Event "Team 45 45 League T92"]
[Site "Internet Chess Club"]
[Date "2022.05.01"]
[Round "3"]
[White "LoseOften"]
[Black "Andressa"]
[Result "0-1"]
[WhiteElo "1463"]
[BlackElo "1355"]
[Opening "Ruy Lopez: old Steinitz defense"]
[ECO "C62"]
[Time "16:00:17"]
[PlyCount "108"]
[TimeControl "2700+45"]

1. e4 e5 2. Nf3 Nc6 3. Bb5 d6 4. d4 exd4 5. Nxd4 Bd7 6. Nc3 a6 7. Ba4 Nf6 8. f3
Be7 9. Be3 O-O 10. Qd2 Rb8 11. a3 b5 12. Bb3 Na5 13. Ba2 c5 14. Nf5 Bxf5 15.
exf5 Nc6 16. g4 Ne5 17. Kf2 a5 18. Nd5 Nxd5 19. Bxd5 Bh4+ 20. Kg2 b4 21. axb4
axb4 22. Ra7 Qb6 23. Rha1 Rfe8 24. f4 Nxg4 25. Bxf7+ Kf8 26. Bxe8 Rxe8 27. Ra8
Nxe3+ 28. Qxe3 Qc6+ 29. Qf3 Qd7 30. R1a7 Qxf5 31. Rxe8+ Kxe8 32. Qe2+ Kf8 33.
Ra8+ Kf7 34. Qe8+ Kf6 35. Qf8+ Kg6 36. Qxd6+ Bf6 37. Qd3 Qxd3 38. cxd3 Bxb2 39.
Kf3 Kf5 40. h3 h6 41. Rc8 Bd4 42. Rb8 Bc3 43. h4 Bd4 44. h5 Bc3 45. Rc8 Bd4 46.
Rb8 Bc3 47. Rb7 Bd4 48. Rb8 Bc3 49. Rf8+ Bf6 50. Rf7 b3 51. Rb7 b2 52. Rb5 Bd4
53. Rb7 Bc3 54. Rb5 Bb4 {White resigns} 0-1

[Event "Team 45 45 League T92"]
[Site "Internet Chess Club"]
[Date "2022.05.01"]
[Round "3"]
[White "Goli"]
[Black "bobhill"]
[Result "0-1"]
[WhiteElo "1772"]
[BlackElo "1824"]
[Opening "Sicilian: Alapin's variation (2.c3)"]
[ECO "B22"]
[Time "15:00:28"]
[PlyCount "86"]
[TimeControl "2700+45"]

1. e4 c5 2. c3 d5 3. exd5 Qxd5 4. d4 cxd4 5. cxd4 Nf6 6. Nf3 Nc6 7. Be2 e6 8.
O-O Be7 9. Nc3 Qd8 10. h3 O-O 11. Be3 Nd5 12. Nxd5 exd5 13. a3 Re8 14. b4 Be6
15. Rc1 a6 16. Qd2 Bf6 17. Bd3 Ne7 18. Rfe1 Nf5 19. Bf4 g6 20. Bxf5 Bxf5 21.
Rxe8+ Qxe8 22. Ne5 Qa4 23. Rc7 Be6 24. Qc3 Qb5 25. a4 Qe2 26. Rxb7 Qd1+ 27. Kh2
Qxa4 28. Qc7 Qe8 29. Qd6 Bg7 30. Nc6 h5 31. Ne5 Bf8 32. Qc7 Rc8 33. Qb6 Be7 34.
Qxa6 g5 35. Be3 Kg7 36. Qa7 Bf6 37. Nd7 Be7 38. Nb6 Bd6+ 39. g3 Rc2 40. Kg2 g4
41. h4 Qb5 42. Qa1 Qe2 43. Qg1 Qxe3 {White resigns} 0-1

[Event "Team 45 45 League T92"]
[Site "Internet Chess Club"]
[Date "2022.05.02"]
[Round "3"]
[White "LookImYourVader"]
[Black "cysk"]
[Result "1-0"]
[WhiteElo "1780"]
[BlackElo "1718"]
[Opening "Neo-Grünfeld, 6.cd Nxd5, 7.O-O c5, 8.Nc3"]
[ECO "A30"]
[Time "17:41:25"]
[PlyCount "53"]
[TimeControl "2700+45"]

1. Nf3 Nf6 2. c4 c5 3. g3 g6 4. Bg2 Bg7 5. O-O O-O 6. Nc3 d5 7. cxd5 Nxd5 8. d4
Nxc3 9. bxc3 Nc6 10. Bb2 Qb6 11. Qb3 Qxb3 12. axb3 cxd4 13. Nxd4 Bd7 14. Rfd1
Rfd8 15. e3 Nxd4 16. exd4 Bc6 17. d5 Bd7 18. d6 Bc6 19. dxe7 Re8 20. Bxc6 bxc6
21. Rd7 a5 22. Rd8 Raxd8 23. exd8=Q Rxd8 24. Rxa5 Rd2 25. Ra8+ Bf8 26. Ba3 Ra2
27. Rxf8+ {Black resigns} 1-0

[Event "Team 45 45 League T92"]
[Site "Internet Chess Club"]
[Date "2022.04.30"]
[Round "3"]
[White "marioseixas1992"]
[Black "Beetlejuice"]
[Result "0-1"]
[WhiteElo "1532"]
[BlackElo "1717"]
[Opening "Sicilian: Grand Prix attack"]
[ECO "B21"]
[Time "15:03:44"]
[PlyCount "70"]
[TimeControl "2700+45"]

1. e4 c5 2. f4 d5 3. exd5 Nf6 4. Nf3 Nxd5 5. Nc3 Nxc3 6. dxc3 Qxd1+ 7. Kxd1 Bg4
8. Bb5+ Nd7 9. Ke2 a6 10. Bd3 e6 11. h3 Bh5 12. Be3 Be7 13. a4 O-O-O 14. g4 Bg6
15. h4 Nf6 16. Bxg6 hxg6 17. Ne5 Rhf8 18. Kf3 Nd5 19. Bf2 Kc7 20. Rhd1 Bd6 21.
a5 Bxe5 22. fxe5 Kc6 23. Kg3 Rc8 24. c4 Ne7 25. b4 cxb4 26. Bb6 Nd5 27. cxd5+
exd5 28. Rd4 Rfe8 29. Kf4 Re7 30. c4 bxc3 31. Rc1 Kb5 32. Rb1+ Kc6 33. Rb3 c2
34. Rc3+ Kd7 35. Rxc8 Kxc8 {White resigns} 0-1

[Event "Team 45 45 League T92"]
[Site "Internet Chess Club"]
[Date "2022.05.01"]
[Round "3"]
[White "ChessG2011"]
[Black "Egmont"]
[Result "0-1"]
[WhiteElo "1462"]
[BlackElo "1543"]
[Opening "French: advance, Paulsen attack"]
[ECO "C02"]
[Time "12:00:06"]
[PlyCount "86"]
[TimeControl "2700+45"]

1. e4 e6 2. d4 d5 3. e5 c5 4. c3 Nc6 5. Nf3 cxd4 6. cxd4 Qb6 7. Be2 Nh6 8. Nc3
Nf5 9. Bb5 Bd7 10. Bxc6 Bxc6 11. O-O Be7 12. Rb1 O-O 13. Re1 Bd7 14. Ne2 Rac8
15. Ng3 Nxg3 16. hxg3 Rc4 17. Be3 Rfc8 18. Re2 Qa6 19. Re1 Rc2 20. Bd2 R2c4 21.
Be3 Qxa2 22. Kh2 a6 23. Rh1 Rc2 24. Kg1 Rxb2 25. Rxb2 Qxb2 26. Ng5 h6 27. Qh5
Qb1+ 28. Kh2 Qg6 29. Qxg6 fxg6 30. Nf3 a5 31. Bd2 a4 32. Ra1 b5 33. Ne1 b4 34.
Nd3 b3 35. Nb2 a3 36. Nd1 b2 37. Nxb2 axb2 38. Rb1 Ba3 39. Kh3 Ba4 40. Kg4 Bc2
41. Re1 b1=Q 42. Rxb1 Bxb1 43. Be3 Bb2 {White resigns} 0-1

[Event "Team 45 45 League T92"]
[Site "Internet Chess Club"]
[Date "2022.05.02"]
[Round "3"]
[White "smsxman"]
[Black "oldsj"]
[Result "0-1"]
[WhiteElo "1341"]
[BlackElo "1482"]
[Opening "Sicilian: closed"]
[ECO "B23"]
[Time "09:00:25"]
[PlyCount "74"]
[TimeControl "2700+45"]

1. e4 c5 2. Nc3 d6 3. Be2 Nf6 4. d3 g6 5. Nf3 Bg7 6. Bd2 O-O 7. O-O Nc6 8. a3
Bg4 9. h3 Bxf3 10. Bxf3 Nd4 11. Rb1 Rc8 12. Re1 Nd7 13. Nd5 Ne5 14. Be2 Nxe2+
15. Qxe2 Nc6 16. b4 Nd4 17. Qd1 cxb4 18. Nxb4 a5 19. c3 axb4 20. cxd4 bxa3 21.
Qb3 Ra8 22. Ra1 Bxd4 23. Rxa3 Rxa3 24. Qxa3 Qb6 25. Be3 Bxe3 26. Rxe3 Qb1+ 27.
Kh2 b5 28. d4 Qf1 29. Qb2 Rb8 30. f3 b4 31. e5 dxe5 32. Rxe5 Qa6 33. d5 Qd6 34.
Kg1 Qc5+ 35. Kh1 Qc3 36. Qe2 b3 37. Re3 Qxe3 {White resigns} 0-1

[Event "Team 45 45 League T92"]
[Site "Internet Chess Club"]
[Date "2022.04.30"]
[Round "3"]
[White "SeniorCitizen"]
[Black "jcule"]
[Result "0-1"]
[WhiteElo "1278"]
[BlackElo "1395"]
[Opening "Robatsch (modern) defense"]
[ECO "B06"]
[Time "15:00:51"]
[PlyCount "64"]
[TimeControl "2700+45"]

1. e4 g6 2. Nf3 Bg7 3. d4 d6 4. h3 Nd7 5. Bd3 e5 6. dxe5 dxe5 7. Be3 Ngf6 8. O-O
O-O 9. Nc3 c6 10. Qd2 Qc7 11. Rfd1 b5 12. Ne2 Bb7 13. Ng3 a6 14. c3 Rad8 15. Qc2
c5 16. c4 b4 17. b3 Rfe8 18. a4 a5 19. Qe2 Nf8 20. Bc2 Ne6 21. Rxd8 Rxd8 22. Rd1
Bf8 23. Rxd8 Nxd8 24. Bg5 Be7 25. Qe3 Ne6 26. Bh6 Qd8 27. Qd2 Qxd2 28. Bxd2 Bd6
29. Kf1 Nd4 30. Nxd4 exd4 31. Bd3 Bxg3 32. fxg3 Nxe4 {White resigns} 0-1

[Event "Team 45 45 League T92"]
[Site "Internet Chess Club"]
[Date "2022.05.01"]
[Round "3"]
[White "Ostap-Bender"]
[Black "grekor"]
[Result "1/2-1/2"]
[WhiteElo "1268"]
[BlackElo "1162"]
[Opening "Sicilian: Alapin's variation (2.c3)"]
[ECO "B22"]
[Time "19:00:40"]
[PlyCount "91"]
[TimeControl "2700+45"]

1. e4 c5 2. c3 g6 3. d4 cxd4 4. cxd4 d5 5. e5 Bg7 6. Nf3 Bg4 7. h3 Bxf3 8. Qxf3
Nc6 9. Bb5 e6 10. O-O Nh6 11. Be3 O-O 12. Bxc6 bxc6 13. Rc1 Qb6 14. Qe2 Nf5 15.
Qd2 Rab8 16. b3 Rfc8 17. Nc3 f6 18. Na4 Qb4 19. Qxb4 Rxb4 20. Rd1 fxe5 21. dxe5
Nxe3 22. fxe3 Bxe5 23. Rac1 c5 24. Rxc5 Rxc5 25. Nxc5 Rb5 26. Nxe6 Kf7 27. Ng5+
Kg7 28. Nf3 Kf6 29. Nd4 Bxd4 30. exd4 Rb4 31. Kf2 Kg5 32. g3 a5 33. Ke3 h5 34.
Rc1 a4 35. Rc3 axb3 36. Rxb3 Ra4 37. a3 Kf5 38. Kd3 g5 39. Ke3 Rc4 40. Rd3 Ra4
41. Kf3 g4+ 42. hxg4+ hxg4+ 43. Ke3 Rc4 44. Rb3 Ra4 45. Kd3 Kg5 46. Kc3 {Game
drawn by mutual agreement} 1/2-1/2

[Event "Team 45 45 League T92"]
[Site "Internet Chess Club"]
[Date "2022.04.28"]
[Round "3"]
[White "gduranko"]
[Black "WillC"]
[Result "0-1"]
[WhiteElo "1481"]
[BlackElo "1530"]
[Opening "Scandinavian defense"]
[ECO "B01"]
[Time "17:31:00"]
[PlyCount "70"]
[TimeControl "2700+45"]

1. e4 d5 2. exd5 Nf6 3. Nf3 Bf5 4. d4 Nxd5 5. c4 Nf6 6. Nc3 c5 7. d5 e6 8. Bd3
Bxd3 9. Qxd3 exd5 10. cxd5 Bd6 11. Bg5 O-O 12. O-O Nbd7 13. Rfe1 Qb6 14. Nb5 Bb8
15. Re2 a6 16. Nc3 h6 17. Bh4 Bd6 18. b3 Qc7 19. Ne4 Nxe4 20. Rxe4 Rfe8 21. Rae1
Rxe4 22. Rxe4 b5 23. Be7 Rc8 24. Bxd6 Qxd6 25. h3 Nf6 26. Rh4 Qxd5 27. Qxd5 Nxd5
28. a4 c4 29. bxc4 bxc4 30. Kf1 c3 31. Nd4 c2 32. Nxc2 Rxc2 33. Rd4 Rc5 34. Ke2
Ra5 35. Kd3 Nb6 {White resigns} 0-1

[Event "Team 45 45 League T92"]
[Site "Internet Chess Club"]
[Date "2022.05.02"]
[Round "3"]
[White "Visin"]
[Black "blind-warrior"]
[Result "1-0"]
[WhiteElo "1270"]
[BlackElo "1073"]
[Opening "Sicilian, Chekhover variation"]
[ECO "B53"]
[Time "15:00:27"]
[PlyCount "99"]
[TimeControl "2700+45"]

1. e4 c5 2. Nf3 d6 3. d4 cxd4 4. Qxd4 Nc6 5. Qe3 Nf6 6. h3 g6 7. Nc3 Bg7 8. Bd2
Nd7 9. a3 Nde5 10. Be2 O-O 11. Bb5 Bd7 12. O-O Nxf3+ 13. gxf3 Bxh3 14. Rfe1 Nd4
15. Bd3 e6 16. Ne2 Nxe2+ 17. Rxe2 Bxb2 18. Rb1 Bg7 19. Rxb7 a6 20. Re1 e5 21.
Reb1 Bc8 22. Rb8 Rxb8 23. Rxb8 Qh4 24. Qg5 Qxg5+ 25. Bxg5 Bd7 26. Rxf8+ Kxf8 27.
Bxa6 Bc6 28. c4 Ba4 29. Be3 Ke7 30. Bb5 Bxb5 31. cxb5 Kd7 32. a4 Kc7 33. Kg2 Kb7
34. Kg3 f5 35. exf5 gxf5 36. f4 e4 37. f3 d5 38. fxe4 dxe4 39. Kh4 Kc7 40. Kg5
Kd6 41. Kxf5 Kd5 42. Kg4 Bd4 43. Bd2 e3 44. Bxe3 Bxe3 45. f5 Ke5 46. a5 h5+ 47.
Kxh5 Kxf5 48. b6 Bf4 49. a6 Ke6 50. a7 {Black resigns} 1-0

[Event "Team 45 45 League T92"]
[Site "Internet Chess Club"]
[Date "2022.05.01"]
[Round "3"]
[White "OGO"]
[Black "Pawnchain"]
[Result "0-1"]
[WhiteElo "1218"]
[BlackElo "1373"]
[Opening "Queen's pawn game"]
[ECO "A46"]
[Time "13:00:14"]
[PlyCount "38"]
[TimeControl "2700+45"]

1. d4 Nf6 2. Nf3 c5 3. e3 cxd4 4. Nxd4 e5 5. Nf3 d6 6. Nc3 a6 7. Bc4 Be7 8. O-O
O-O 9. Bd2 Qc7 10. Rc1 Qxc4 11. b3 Qc6 12. Ne2 Bg4 13. Ne1 Nbd7 14. h3 Bh5 15.
c4 Rad8 16. b4 b5 17. cxb5 Qxb5 18. Bc3 Bxe2 19. Qxe2 Qxe2 {White resigns} 0-1